 Dungeon Crawl Stone Soup version 0.26.1-10-gdfb7c7de75 (webtiles) character file.

Game seed: 13679858897097294414

47150 ytrimaz the Severer (level 14, -5/204 HPs)
             Began as a Minotaur Berserker on Apr 10, 2021.
             Was the Champion of Trog.
             Slain by an orc knight
             ... wielding a +2 great sword of freezing
              (12 damage)
             ... on level 2 of the Orcish Mines.
             The game lasted 00:39:04 (19676 turns).

ytrimaz the Severer (Minotaur Berserker)           Turns: 19676, Time: 00:39:04

Health: -5/204     AC: 24    Str: 33    XL:     14   Next: 7%
Magic:  13/13      EV: 10    Int:  4    God:    Trog [******]
Gold:   1643       SH:  0    Dex:  9    Spells: 13/13 levels left

rFire    + . .     SeeInvis +   c - +2 executioner's axe (vorpal)
rCold    . . .     Faith    .   (shield currently unavailable)
rNeg     . . .     Spirit   .   i - +1 plate armour {rF+}
rPois    +         Reflect  .   (helmet restricted)
rElec    +         Harm     .   z - +2 cloak {rCorr}
rCorr    +         Rampage  .   (no gloves)
Will     +++..                  t - +1 pair of boots of Agoraphobia {rPois Str+5 SInv}
Stlth    ..........             w - amulet of Pocefreth {rElec Regen+ Stlth+}
HPRegen  0.84/turn              D - ring of willpower
MPRegen  0.13/turn              l - ring of willpower

@: berserking (expiring), very quick
A: retaliatory headbutt, horns 2
a: Renounce Religion, Berserk, Trog's Hand, Brothers in Arms


You were on level 2 of the Orcish Mines.
You worshipped Trog.
Trog was exalted by your worship.
You visited 2 branches of the dungeon, and saw 17 of its levels.
You also visited: Ice Cave.

You collected 2037 gold pieces.
You spent 394 gold pieces at shops.

Inventory:

Hand Weapons
 c - a +2 vorpal executioner's axe (weapon)
 r - a +2 vorpal battleaxe
 v - a +4 vorpal war axe
 I - a +8 war axe of flaming
Armour
 i - a +1 plate armour of fire resistance (worn)
 t - the +1 pair of boots of Agoraphobia (worn) {rPois Str+5 SInv}
   (You found it on level 10 of the Dungeon)

   It affects your strength (+5).
   It protects you from poison.
   It lets you see invisible.
 y - a +2 kite shield
 z - a +2 cloak of preservation (worn)
Jewellery
 b - an uncursed ring of stealth {unknown}
 l - a ring of willpower (right hand)
 w - the amulet of Pocefreth (around neck) {rElec Regen+ Stlth+}
   (You found it on level 10 of the Dungeon)

   [amulet of regeneration]

   It insulates you from electricity.
   It increases your rate of regeneration.
   It makes you more stealthy.
 C - a +6 ring of dexterity
 D - a ring of willpower (left hand)
 F - an uncursed ring of ice
Wands
 g - a wand of flame (31)
 j - a wand of random effects (21)
 m - a wand of polymorph (15)
 q - a wand of iceblast (25)
 u - a wand of paralysis (8)
 H - a wand of enslavement (6)
 K - a wand of acid (7)
Scrolls
 d - 2 scrolls of blinking
 e - 3 scrolls of remove curse
 h - 2 scrolls of identify
 o - a scroll of summoning {unknown}
 p - a scroll of brand weapon {unknown}
 s - 3 scrolls of torment
 B - a scroll of magic mapping
 E - 3 scrolls of teleportation
 G - 2 scrolls of fear
Potions
 a - 2 potions of mutation
 f - 2 potions of ambrosia
 k - 6 potions of attraction
 n - 5 potions of flight
 x - a potion of cancellation
 A - 4 potions of lignification
 J - a potion of magic


   Skills:
 * Level 15.9 Fighting
 + Level 17.0 Axes
 * Level 15.7 Armour
 - Level 3.8 Dodging
 - Level 2.1 Stealth


You had 13 spell levels left.
You didn't know any spells.
Your spell library was empty.

Dungeon Overview and Level Annotations

Branches:
Dungeon (15/15)            Temple (0/1) D:5            Lair (0/6) D:10
    Orc (2/2) D:11            Elf (0/3) Orc:2        Vaults (0/5) D:14
 Depths (0/5) D:15          IceCv (visited)

Altars:
Ashenzari
Cheibriados
Dithmenos
Elyvilon
Fedhas
Makhleb
Ru
Vehumet

Shops:
D:7 :   D:9 *?}![   Orc:2 ?

Portals:
Trove: D:10 (give 13 scrolls of teleportation)

Annotations:
D:14 exclusion: obsidian statue


Innate Abilities, Weirdness & Mutations

You reflexively headbutt those who attack you in melee.
You have a pair of horns on your head.


Message History

You barely miss the orc knight.
The orc knight is moderately wounded.
The orc knight hits you with a +2 great sword of freezing.
* * * LOW HITPOINT WARNING * * *
The orc knight freezes you.
* * * LOW HITPOINT WARNING * * *
The orc warrior hits you from afar with a +0 halberd!
* * * LOW HITPOINT WARNING * * *
You slice the orc knight!! You headbutt the orc knight!
The orc knight is almost dead.
The orc knight barely misses you.
You closely miss the orc knight. Your headbutt misses the orc knight.
The orc knight is almost dead.
The orc warrior hits you from afar with a +0 halberd!
* * * LOW HITPOINT WARNING * * *
Unknown command.
You closely miss the orc knight.
The orc knight is almost dead.
The orc knight hits you with a +2 great sword of freezing!
You die...

##.#.## #.....##
###.#...##
##........##
#..........##
##..#>)[##))##
#...#..###..##
##.#.†..###))##
#....$..####)@#
###........###oo#
###.....#.....###.oo.
#.......###....#
#...#
.........#......
#....
..#...#.........
#..#.
..#..#.#^$...... #...
........#.....# #∩.
....#.........#


You could see an orc knight, an orc warrior (strong), an orc priest (strong) and
an orc (strong).

Vanquished Creatures
  Nessos (D:15)
  Snorg (D:14)
  Josephine (D:10)
  2 ice dragons (IceCv)
  2 boulder beetles
  2 hydras (D:14)
  4 centaur warriors
  Erica (D:9)
  2 two-headed ogres
  An orc high priest (Orc:2)
  3 death yaks
  An iron troll (D:14)
  A glowing orange brain (D:15)
  2 unseen horrors
  An orc knight (D:14)
  A wolf spider zombie (D:12)
  A necromancer (D:14)
  3 ugly things
  A deep elf mage (D:13)
  An orc sorcerer (Orc:2)
  2 manticores
  A cyclops (D:12)
  Maurice (D:8)
  A moth of wrath (shapeshifter) (D:15)
  2 ice statues (IceCv)
  2 gargoyles
  Maggie (D:7)
  A torpor snail (shapeshifter) (D:15)
  A kobold demonologist (D:15)
  4 rime drakes
  A queen bee (shapeshifter) (D:15)
  4 trolls
  Grinder (D:4)
  A hornet (D:8)
  A meliai zombie (D:12)
  11 slime creatures
  A spriggan (shapeshifter) (D:15)
  3 shadows
  A wyvern (D:11)
  8 wraiths
  17 yaks
  2 basilisks
  A steam dragon (D:10)
  Menkaure (D:5)
  2 wargs
  4 vampire mosquitoes (D:15)
  Edmund (D:4)
  3 acid dragons
  20 orc warriors
  A sky beast (D:14)
  19 ice beasts
  2 black bears
  3 phantoms
  An ogre (shapeshifter) (D:15)
  11 ogres
  17 centaurs
  5 big kobolds
  Blork the orc (D:4)
  9 bullfrogs
  A gnoll sergeant (D:6)
  7 scorpions
  A water moccasin skeleton (D:8)
  12 wights
  2 troll zombies (D:11)
  4 howler monkeys
  3 centaur zombies
  5 centaur skeletons
  3 jellies
  21 orc wizards
  18 orc priests
  10 hounds
  2 bullfrog skeletons
  10 worker ants
  6 iguanas
  4 ogre zombies (D:11)
  A hound zombie (D:8)
  A hound skeleton (D:9)
  8 adders
  10 gnolls
  A white imp (D:7)
  An adder skeleton (D:4)
  2 adder zombies (D:8)
  4 worms
  5 dart slugs
  6 leopard geckos
  61 orcs
  8 giant cockroaches
  4 goblins
  11 hobgoblins
  4 jackals
  5 quokkas
  5 ball pythons
  3 bats
  7 frilled lizards
  4 goblin zombies (D:11)
  2 hobgoblin skeletons (D:11)
  5 hobgoblin zombies (D:11)
  32 kobolds
  2 leopard gecko skeletons (D:5)
  3 orc skeletons (D:11)
  5 orc zombies (D:11)
  2 quokka skeletons
  6 rats
517 creatures vanquished.

Vanquished Creatures (collateral kills)
  A boulder beetle (D:12)
  An orc knight (D:15)
  A wraith (D:15)
  An orc warrior (D:15)
  3 orcs
7 creatures vanquished.

Vanquished Creatures (others)
  An orc (D:15)
1 creature vanquished.

Grand Total: 525 creatures vanquished

Notes
Turn   | Place    | Note
-------+----------+-------------------------------------------
     0 | D:1      | ytrimaz the Minotaur Berserker began the quest for the Orb.
     0 | D:1      | Reached XP level 1. HP: 19/19 MP: 0/0
   337 | D:1      | Reached XP level 2. HP: 27/27 MP: 1/1
   433 | D:1      | Reached skill level 4 in Axes
   807 | D:1      | Reached XP level 3. HP: 27/33 MP: 2/2
  1206 | D:1      | Found a broken altar of Ashenzari.
  1657 | D:2      | Reached ** piety under Trog
  1954 | D:2      | Reached XP level 4. HP: 34/41 MP: 3/3
  2167 | D:2      | Reached skill level 1 in Stealth
  2276 | D:2      | Reached skill level 5 in Axes
  2940 | D:3      | Reached XP level 5. HP: 47/47 MP: 4/4
  3336 | D:3      | Found a sacrificial altar of Ru.
  3336 | D:3      | Found a white marble altar of Elyvilon.
  3778 | D:4      | Noticed Blork the orc
  3790 | D:4      | Killed Blork the orc
  3972 | D:4      | Reached XP level 6. HP: 54/55 MP: 5/5
  4050 | D:4      | Reached skill level 5 in Fighting
  4050 | D:4      | Reached skill level 6 in Axes
  4123 | D:4      | Found a radiant altar of Vehumet.
  4216 | D:4      | Noticed Edmund
  4228 | D:4      | Killed Edmund
  4241 | D:4      | Reached *** piety under Trog
  4511 | D:4      | Reached XP level 7. HP: 61/61 MP: 6/6
  4518 | D:4      | Got a fine spear
  4519 | D:4      | Identified the +3 spear of Execution {vorpal, Int+2} (You
                  | found it on level 4 of the Dungeon)
  4558 | D:4      | Reached skill level 7 in Axes
  4654 | D:4      | Noticed Grinder
  4690 | D:4      | Killed Grinder
  4987 | D:4      | Reached skill level 5 in Armour
  5335 | D:5      | Entered Level 5 of the Dungeon
  5335 | D:5      | Noticed Menkaure
  5354 | D:5      | Killed Menkaure
  5355 | D:5      | Reached XP level 8. HP: 71/71 MP: 7/7
  5461 | D:5      | Found a staircase to the Ecumenical Temple.
  5485 | D:5      | Reached skill level 8 in Axes
  6717 | D:6      | Got an ichor-stained mace
  6718 | D:6      | Identified the +4 mace of the Ten Friars {freeze, *Rage rN+
                  | Dex+9 Stlth+} (You found it on level 6 of the Dungeon)
  7033 | D:6      | Found a snail-covered altar of Cheibriados.
  7624 | D:7      | Found Piso's Book Shop.
  7641 | D:7      | Reached XP level 9. HP: 79/79 MP: 8/8
  7716 | D:7      | Noticed Maggie
  7780 | D:7      | Found a shadowy altar of Dithmenos.
  7791 | D:7      | Killed Maggie
  7792 | D:7      | Reached skill level 9 in Axes
  7796 | D:7      | Reached **** piety under Trog
  8372 | D:7      | Found a blossoming altar of Fedhas.
  8372 | D:7      | Found a burning altar of Makhleb.
  8610 | D:8      | Noticed Maurice
  8628 | D:8      | Reached skill level 10 in Armour
  8872 | D:8      | Killed Maurice
  8873 | D:8      | Reached skill level 10 in Axes
  9075 | D:8      | Reached XP level 10. HP: 91/91 MP: 9/9
  9502 | D:9      | Found a blossoming altar of Fedhas.
  9550 | D:9      | Found Hyigik's Gadget Shoppe.
  9586 | D:9      | Found Lenofurph's Antique Armour Emporium.
  9661 | D:9      | Found Taggenwu's Distillery.
  9670 | D:9      | Bought a potion of lignification for 42 gold pieces
  9670 | D:9      | Bought a potion of heal wounds for 70 gold pieces
  9670 | D:9      | Bought a potion of invisibility for 112 gold pieces
  9707 | D:9      | Noticed a two-headed ogre
  9717 | D:9      | Killed a two-headed ogre
  9748 | D:9      | Reached skill level 11 in Axes
 10145 | D:9      | Found Haoz's Assorted Antiques.
 10148 | D:9      | Bought a coiled brass ring for 170 gold pieces
 10211 | D:9      | Noticed Erica
 10228 | D:9      | Killed Erica
 10229 | D:9      | Reached skill level 10 in Fighting
 10231 | D:9      | Identified the ring of the Forsaken Brambles {rF+ rC- rN+
                  | Stlth+} (You bought it in a shop on level 9 of the Dungeon)
 10793 | D:9      | Found Atep's Magic Scroll Shoppe.
 10932 | D:10     | Entered Level 10 of the Dungeon
 11065 | D:10     | Noticed Josephine
 11080 | D:10     | Killed Josephine
 11081 | D:10     | Reached skill level 12 in Axes
 11084 | D:10     | Reached XP level 11. HP: 101/101 MP: 10/10
 11091 | D:10     | Reached ***** piety under Trog
 11101 | D:10     | Got a pair of slimy boots
 11360 | D:10     | Got a wavering brass amulet
 11427 | D:10     | Found a portal to a secret trove of treasure.
 11473 | D:10     | Noticed a death yak
 11473 | D:10     | Noticed a death yak
 11490 | D:10     | Killed a death yak
 11494 | D:10     | Killed a death yak
 11504 | D:10     | Noticed a death yak
 11536 | D:9      | Killed a death yak
 12021 | D:9      | Identified the +1 pair of boots of Agoraphobia {rPois Str+5
                  | SInv} (You found it on level 10 of the Dungeon)
 12032 | D:9      | Identified the amulet of Pocefreth {rElec Regen+ Stlth+}
                  | (You found it on level 10 of the Dungeon)
 12097 | D:10     | Found a staircase to the Lair.
 12341 | D:11     | Noticed a boulder beetle
 12369 | D:11     | Killed a boulder beetle
 12508 | D:11     | Reached skill level 13 in Axes
 12510 | D:11     | Found a staircase to the Orcish Mines.
 13379 | Orc:1    | Entered Level 1 of the Orcish Mines
 13468 | D:12     | Reached XP level 12. HP: 54/113 MP: 11/11
 13583 | D:12     | Found a frozen archway.
 13589 | IceCv    | Entered an ice cave
 13634 | IceCv    | Reached skill level 14 in Axes
 13778 | IceCv    | Reached ****** piety under Trog
 14169 | IceCv    | Received a gift from Trog
 14202 | IceCv    | Noticed an ice dragon
 14206 | IceCv    | Noticed an ice dragon
 14210 | IceCv    | Killed an ice dragon
 14215 | IceCv    | Killed an ice dragon
 14891 | D:12     | Noticed a boulder beetle
 14902 | D:12     | Killed a boulder beetle
 14903 | D:12     | Reached skill level 15 in Axes
 15062 | D:12     | Noticed a boulder beetle
 15080 | D:12     | Killed a boulder beetle
 15667 | D:13     | Reached XP level 13. HP: 124/124 MP: 12/12
 15972 | D:13     | Found the +5 robe of Misfortune {*Contam Harm *Corrode
                  | *Drain *Slow EV+5}
 16671 | Orc:2    | Entered Level 2 of the Orcish Mines
 16752 | Orc:2    | Received a gift from Trog
 17036 | D:14     | Noticed Snorg
 17046 | D:14     | Killed Snorg
 17325 | D:14     | Reached skill level 16 in Axes
 17335 | D:14     | Reached skill level 15 in Armour
 17821 | D:14     | Found a gate to the Vaults.
 18052 | D:15     | Entered Level 15 of the Dungeon
 18078 | D:15     | Noticed Nessos
 18247 | D:15     | Reached skill level 15 in Fighting
 18252 | D:15     | Killed Nessos
 18365 | D:15     | Received a gift from Trog
 19088 | D:15     | Found a staircase to the Depths.
 19489 | Orc:2    | Reached XP level 14. HP: 121/136 MP: 13/13
 19625 | Orc:2    | Found a staircase to the Elven Halls.
 19649 | Orc:2    | Reached skill level 17 in Axes
 19652 | Orc:2    | Found Duiwk's Magic Scroll Emporium.
 19675 | Orc:2    | HP: 6/204 [orc warrior/+0 halberd (16)]
 19676 | Orc:2    | Slain by an orc knight

Illustrated notes

Levels and vault maps discovered:
D:1:      dpeg_arrival_water_altar, layout_loops_corners, nrook_loot_triangle,
          minmay_box_of_dots
D:2:      layout_loops_corners
D:3:      layout_basic, gammafunk_temple_overflow_pools
D:4:      layout_loops_ring, kennysheep_little_box, uniq_edmund, uniq_grinder,
          uniq_blork_the_orc
D:5:      layout_loops_ring, minmay_temple_entry_glass, uniq_menkaure
D:6:      layout_basic, chei_slow_surprise
D:7:      layout_cave_pools, amethyst_overflow_temple_binary,
          grunt_dithmenos_smoke, serial_shops, nicolae_shop_crystal, uniq_maggie
D:8:      layout_loops_ring, kennysheep_generic_room_12, uniq_maurice
D:9:      layout_loops_corners, serial_shops, kennysheep_mini, shop, shop,
          nicolae_shop_window_shopping, nicolae_shop_behind_doors,
          fedhas_ov_isle_minmay, uniq_erica
D:10:     layout_roguey, dpeg_lair_monsters, nicolae_trove_entry_diagonal,
          uniq_josephine
D:11:     layout_loops_ring, zombieorc1_lemuel
D:12:     layout_long_grid, portal_ice_cave_rime
D:13:     layout_long_grid
D:14:     layout_loops_cross, david_vaults_4, serial_rivers,
          chequers_serial_rivers_small_3, chequers_serial_rivers_micro_d,
          chequers_serial_rivers_large_a, chequers_serial_rivers_micro_a,
          minivault_16, uniq_snorg
D:15:     gammafunk_enter_depths_forms, layout_loops_ring, serial_park_tiny_2,
          uniq_nessos
Orc:1:    layout_diamond_mine, uniq_urug, uniq_harold
Orc:2:    pf_orc_diabolical, layout_diamond_mine, guppyfry_library_mini,
          uniq_azrael

Skill      XL: |  1  2  3  4  5  6  7  8  9 10 11 12 13 14 |
---------------+-------------------------------------------+-----
Axes           | 4 5 6 7 8 10 12 13 15 16 17 | 17.0
Fighting       | 4 5 6 7 9 10 12 14 15 | 15.9
Dodging        | 3 |  3.8
Stealth        | 1 2 |  2.1
Armour         | 3 6 8 10 12 13 14 15 | 15.7

Action                   |  1- 3 |  4- 6 |  7- 9 | 10-12 | 13-15 || total
-------------------------+-------+-------+-------+-------+-------++-------
Melee: Hand axe          |    92 |   131 |   185 |       |       ||   408
       Headbutt          |    13 |    14 |    55 |   129 |    60 ||   271
       War axe           |       |       |   102 |   332 |   127 ||   561
       Battleaxe         |       |       |       |   114 |    49 ||   163
       Executioner's axe |       |       |       |       |   130 ||   130
Invok: Berserk           |       |     5 |     9 |     8 |     6 ||    28
       Trog's Hand       |       |     2 |     2 |     2 |     3 ||     9
       Brothers in Arms  |       |       |       |     1 |     2 ||     3
  Use: Scroll            |     6 |       |    13 |    11 |     3 ||    33
       Potion            |       |       |     3 |     5 |     1 ||     9
 Stab: Sleeping          |     2 |     3 |       |       |       ||     5
       Invisible         |       |       |       |     3 |       ||     3
Armor: Animal skin       |    14 |    10 |       |       |       ||    24
       Plate armour      |       |    26 |   174 |   250 |   224 ||   674
Dodge: Dodged            |    56 |    67 |   155 |   212 |   165 ||   655
